General information
- name: BNet
- type: Ladder team game (AT/RT)
- host: Battle.net
- saver: Angel-Eyes
map: Mur'gulOasis
- players: 8
- length: 47:08
- speed: Fast
- version: 1.26 W3XP
- replay type: Public
» download(218 KB)
Players
team 1 (winner)
malfury (
green | 57 APM | 2686 actions | 47:06)
6 Warden
3 Shadow Strike
3 Blink
» actions
| Assign group hotkey | 38 | |
| Basic commands | 129 | |
| Build / train | 73 | |
| ESC pressed | 2 | |
| Enter build submenu | 30 | |
| Enter hero's abilities submenu | 5 | |
| Remove unit from queue | 2 | |
| Right click | 1090 | |
| Select / deselect | 468 | |
| Select group hotkey | 708 | |
| Use ability | 141 | |
2686 total
» units
| Wisp | 20 | |
| Archer | 14 | |
| Druid of the Claw | 3 | |
| Dryad | 6 | |
43 total
» upgrades
| Ultravision | 1 | |
| Improved Bows | 1 | |
| Druid of the Claw Training | 2 | |
| Marksmanship | 1 | |
| Mark of the Claw | 1 | |
| Reinforced Hides | 1 | |
| Abolish Magic | 1 | |
| Strength of the Wild | 1 | |
9 total
» buildings
| Altar of Elders | 1 | |
| Moon Well | 5 | |
| Hunter's Hall | 1 | |
| Ancient of War | 1 | |
| Ancient Protector | 9 | |
| Tree of Ages | 1 | |
| Tree of Eternity | 1 | |
| Ancient of Lore | 2 | |
| Ancient of Wonders | 1 | |
| Tree of Life | 3 | |
25 total
» build order
00:08 Altar of Elders
00:19 Moon Well
01:16 Hunter's Hall
01:55 Moon Well
02:08 Ancient of War
02:50 Ancient Protector
03:54 Tree of Ages
04:12 Ancient Protector
04:19 Moon Well
06:21 Tree of Eternity
06:50 Ancient of Lore
06:52 Ancient of Lore
06:54 Ancient of Wonders
08:50 Moon Well
08:55 Ancient Protector
12:22 Moon Well
14:42 Tree of Life
16:04 Ancient Protector
20:10 Tree of Life
22:21 Tree of Life
24:56 Ancient Protector
24:59 Ancient Protector
25:03 Ancient Protector
25:06 Ancient Protector
25:10 Ancient Protector
» items
| Healing Salve | 2 | |
| Lesser Clarity Potion | 1 | |
| Boots of Speed | 1 | |
| Scroll of Town Portal | 3 | |
| Potion of Lesser Invulnerability | 1 | |
| Orb of Venom | 1 | |
| Potion of Healing | 1 | |
10 total
bzman (
blue | 32 APM | 1530 actions | 47:06)
6 Blademaster
3 Wind Walk
2 Critical Strike
1 Bladestorm
3 Archmage
2 Blizzard
1 Summon Water Elemental
4 Shadow Hunter
2 Healing Wave
2 Hex
» actions
| Assign group hotkey | 1 | |
| Basic commands | 217 | |
| Build / train | 94 | |
| Enter build submenu | 29 | |
| Enter hero's abilities submenu | 13 | |
| Right click | 751 | |
| Select / deselect | 355 | |
| Use ability | 70 | |
1530 total
» units
| Peon | 7 | |
| Grunt | 7 | |
| Peasant | 6 | |
| Rifleman | 15 | |
| Troll Batrider | 21 | |
| Demolisher | 6 | |
62 total
» upgrades
| Armor | 4 | |
| Berserker Strength | 1 | |
| Ranged Weapons | 2 | |
| Masonry | 1 | |
| Liquid Fire | 1 | |
| Gunpowder | 2 | |
11 total
» buildings
| Altar of Storms | 1 | |
| Orc Burrow | 8 | |
| Barracks | 1 | |
| War Mill | 1 | |
| Voodoo Lounge | 1 | |
| Watch Tower | 3 | |
| Stronghold | 1 | |
| Lumber Mill | 1 | |
| Farm | 5 | |
| Beastiary | 2 | |
| Scout Tower | 4 | |
| Fortress | 1 | |
| Guard Tower | 2 | |
| Arcane Vault | 1 | |
| Castle | 1 | |
33 total
» build order
00:12 Altar of Storms
00:20 Orc Burrow
01:18 Barracks
01:49 Orc Burrow
01:59 War Mill
02:38 Voodoo Lounge
03:28 Orc Burrow
03:32 Watch Tower
03:50 Watch Tower
05:31 Stronghold
05:36 Watch Tower
07:12 Lumber Mill
07:27 Farm
07:34 Farm
07:42 Farm
08:07 Orc Burrow
08:12 Beastiary
10:31 Beastiary
10:40 Orc Burrow
10:59 Farm
11:05 Scout Tower
11:11 Scout Tower
11:25 Fortress
11:32 Orc Burrow
11:55 Guard Tower
12:40 Farm
18:42 Orc Burrow
18:50 Orc Burrow
19:03 Arcane Vault
21:05 Castle
24:00 Scout Tower
24:07 Scout Tower
25:12 Guard Tower
» items
Angel-Eyes (
yellow | 43 APM | 2025 actions | 47:08)
10 Blademaster
3 Wind Walk
3 Critical Strike
1 Bladestorm
3 Mirror Image
» actions
| Assign group hotkey | 57 | |
| Basic commands | 172 | |
| Build / train | 77 | |
| Enter build submenu | 36 | |
| Enter hero's abilities submenu | 9 | |
| Give item / drop item | 6 | |
| Remove unit from queue | 1 | |
| Right click | 880 | |
| Select / deselect | 394 | |
| Select group hotkey | 282 | |
| Use ability | 111 | |
2025 total
» units
| Peon | 12 | |
| Grunt | 4 | |
| Wind Rider | 8 | |
| Troll Batrider | 12 | |
36 total
» upgrades
| Ranged Weapons | 3 | |
| Armor | 3 | |
| Troll Regeneration | 1 | |
| Liquid Fire | 1 | |
| Reinforced Defenses | 1 | |
| Envenomed Spears | 1 | |
10 total
» buildings
| Orc Burrow | 4 | |
| Altar of Storms | 1 | |
| Barracks | 1 | |
| Voodoo Lounge | 2 | |
| Stronghold | 1 | |
| War Mill | 1 | |
| Watch Tower | 21 | |
| Beastiary | 3 | |
| Fortress | 1 | |
| Keep | 1 | |
| Great Hall | 3 | |
39 total
» build order
00:13 Orc Burrow
00:52 Altar of Storms
01:07 Barracks
01:11 Orc Burrow
02:06 Voodoo Lounge
02:52 Stronghold
04:00 War Mill
05:15 Watch Tower
05:17 Watch Tower
05:20 Watch Tower
05:22 Watch Tower
05:33 Watch Tower
05:37 Beastiary
05:40 Beastiary
05:57 Orc Burrow
06:50 Orc Burrow
09:01 Fortress
12:11 Keep
15:22 Great Hall
16:32 Great Hall
16:34 Watch Tower
16:34 Watch Tower
16:35 Watch Tower
16:35 Watch Tower
17:21 Watch Tower
17:23 Watch Tower
17:25 Watch Tower
17:26 Watch Tower
21:01 Beastiary
22:56 Voodoo Lounge
24:44 Great Hall
24:48 Watch Tower
24:48 Watch Tower
24:48 Watch Tower
25:00 Watch Tower
25:00 Watch Tower
25:02 Watch Tower
25:02 Watch Tower
» items
| Healing Salve | 5 | |
| Potion of Healing | 2 | |
| Scroll of Town Portal | 1 | |
| Lesser Clarity Potion | 2 | |
| Orb of Lightning | 1 | |
| Potion of Mana | 1 | |
| Periapt of Vitality | 2 | |
| Staff of Teleportation | 2 | |
16 total

»
But_T_Sore (
pink | 25 APM | 139 actions | 05:39)
» actions
| Basic commands | 1 | |
| Build / train | 18 | |
| Enter build submenu | 7 | |
| Enter hero's abilities submenu | 1 | |
| Right click | 34 | |
| Select / deselect | 63 | |
| Use ability | 15 | |
139 total
» units
» buildings
| Farm | 3 | |
| Altar of Kings | 1 | |
| Barracks | 1 | |
| Blacksmith | 1 | |
6 total
» build order
00:08 Farm
00:12 Altar of Kings
01:00 Farm
01:13 Barracks
02:20 Farm
03:18 Blacksmith
team 2 (loser)

»
SeXy)OgRe (
red | 13 APM | 596 actions | 47:06)
2 Blademaster
1 Wind Walk
1 Critical Strike
2 Shadow Hunter
1 Hex
1 Healing Wave
» actions
| Build / train | 36 | |
| Enter build submenu | 14 | |
| Enter hero's abilities submenu | 4 | |
| Right click | 280 | |
| Select / deselect | 206 | |
| Use ability | 56 | |
596 total
» units
| Peon | 8 | |
| Wind Rider | 4 | |
| Troll Batrider | 7 | |
19 total
» upgrades
| Ranged Weapons | 1 | |
| Armor | 1 | |
| Reinforced Defenses | 1 | |
3 total
» buildings
| Altar of Storms | 2 | |
| Orc Burrow | 5 | |
| War Mill | 1 | |
| Voodoo Lounge | 1 | |
| Watch Tower | 3 | |
| Stronghold | 1 | |
| Beastiary | 2 | |
| Fortress | 1 | |
16 total
» build order
00:05 Altar of Storms
00:08 Orc Burrow
01:08 War Mill
01:42 Voodoo Lounge
02:22 Orc Burrow
02:52 Watch Tower
03:45 Stronghold
04:11 Orc Burrow
04:24 Watch Tower
06:07 Beastiary
06:12 Beastiary
06:33 Orc Burrow
09:49 Fortress
10:15 Orc Burrow
12:46 Watch Tower
15:10 Altar of Storms
» items
| Healing Salve | 2 | |
| Lesser Clarity Potion | 1 | |
| Orb of Lightning | 1 | |
| Scroll of Speed | 1 | |
| Potion of Healing | 1 | |
6 total

»
Fenton (
teal | 40 APM | 788 actions | 19:41)
4 Archmage
1 Blizzard
1 Brilliance Aura
2 Summon Water Elemental
2 Mountain King
1 Storm Bolt
1 Bash
» actions
| Assign group hotkey | 19 | |
| Basic commands | 27 | |
| Build / train | 61 | |
| Enter build submenu | 20 | |
| Enter hero's abilities submenu | 6 | |
| Give item / drop item | 4 | |
| Remove unit from queue | 6 | |
| Right click | 206 | |
| Select / deselect | 210 | |
| Select group hotkey | 160 | |
| Use ability | 68 | |
788 total
» units
| Peasant | 23 | |
| Footman | 3 | |
| Knight | 7 | |
| Rifleman | 2 | |
35 total
» upgrades
» buildings
| Altar of Kings | 1 | |
| Barracks | 3 | |
| Farm | 8 | |
| Lumber Mill | 1 | |
| Keep | 1 | |
| Arcane Vault | 1 | |
| Scout Tower | 7 | |
| Blacksmith | 1 | |
| Castle | 1 | |
| Arcane Tower | 2 | |
| Guard Tower | 2 | |
28 total
» build order
00:05 Altar of Kings
00:44 Barracks
00:49 Barracks
00:58 Farm
01:44 Lumber Mill
02:43 Farm
03:48 Keep
05:01 Barracks
05:03 Farm
05:07 Arcane Vault
05:28 Scout Tower
05:29 Scout Tower
05:32 Scout Tower
05:33 Scout Tower
05:34 Scout Tower
05:54 Blacksmith
06:15 Castle
06:23 Arcane Tower
06:25 Guard Tower
06:41 Guard Tower
06:45 Arcane Tower
07:00 Farm
07:02 Farm
07:05 Guard Tower
12:05 Farm
12:55 Farm
13:57 Scout Tower
14:34 Guard Tower
15:42 Farm
16:48 Scout Tower
» items
| Orb of Fire | 2 | |
| Scroll of Town Portal | 2 | |
| Orb of Lightning | 1 | |
5 total
TRANCE-GLANCE (
orange | 81 APM | 3520 actions | 43:26)
8 Blademaster
3 Wind Walk
3 Critical Strike
1 Bladestorm
1 Mirror Image
2 Shadow Hunter
1 Hex
1 Healing Wave
» actions
| Assign group hotkey | 86 | |
| Basic commands | 31 | |
| Build / train | 68 | |
| Enter build submenu | 27 | |
| Enter hero's abilities submenu | 10 | |
| Give item / drop item | 6 | |
| Right click | 1753 | |
| Select / deselect | 258 | |
| Select group hotkey | 1072 | |
| Use ability | 209 | |
3520 total
» units
| Peon | 14 | |
| Wind Rider | 11 | |
| Troll Batrider | 4 | |
| Raider | 1 | |
30 total
» upgrades
| Reinforced Defenses | 1 | |
| Envenomed Spears | 1 | |
| Ranged Weapons | 2 | |
| Armor | 2 | |
| Liquid Fire | 1 | |
| Melee Weapons | 1 | |
8 total
» buildings
| Altar of Storms | 1 | |
| Orc Burrow | 6 | |
| War Mill | 1 | |
| Voodoo Lounge | 1 | |
| Watch Tower | 39 | |
| Stronghold | 2 | |
| Beastiary | 3 | |
| Fortress | 1 | |
| Great Hall | 1 | |
55 total
» build order
00:07 Altar of Storms
00:18 Orc Burrow
00:39 War Mill
01:06 Voodoo Lounge
01:52 Watch Tower
02:17 Watch Tower
03:02 Stronghold
03:02 Stronghold
03:25 Watch Tower
03:28 Orc Burrow
03:52 Orc Burrow
04:40 Orc Burrow
04:48 Watch Tower
05:35 Beastiary
05:40 Beastiary
06:24 Fortress
06:30 Watch Tower
11:41 Orc Burrow
12:34 Watch Tower
12:34 Watch Tower
12:34 Watch Tower
12:36 Watch Tower
12:37 Watch Tower
12:42 Watch Tower
14:48 Beastiary
14:56 Watch Tower
14:56 Watch Tower
14:57 Watch Tower
14:58 Watch Tower
17:02 Watch Tower
17:03 Watch Tower
17:03 Watch Tower
17:04 Watch Tower
17:04 Watch Tower
17:04 Watch Tower
18:11 Watch Tower
18:12 Watch Tower
18:12 Watch Tower
18:12 Watch Tower
20:04 Watch Tower
20:05 Watch Tower
20:05 Watch Tower
20:32 Watch Tower
20:32 Watch Tower
20:33 Watch Tower
20:34 Watch Tower
20:34 Watch Tower
20:35 Watch Tower
21:20 Orc Burrow
22:30 Watch Tower
22:31 Watch Tower
22:31 Watch Tower
31:24 Great Hall
34:11 Watch Tower
34:12 Watch Tower
» items
| Healing Salve | 3 | |
| Lesser Clarity Potion | 5 | |
| Staff of Teleportation | 1 | |
| Boots of Speed | 1 | |
| Tiny Great Hall | 1 | |
| Scroll of Regeneration | 1 | |
| Orb of Lightning | 1 | |
| Scroll of Town Portal | 1 | |
| Potion of Lesser Invulnerability | 1 | |
15 total

»
mashedpotato (
purple | 32 APM | 859 actions | 26:42)
5 Demon Hunter
2 Mana Burn
3 Evasion
» actions
| Basic commands | 12 | |
| Build / train | 73 | |
| Enter build submenu | 15 | |
| Enter hero's abilities submenu | 5 | |
| Right click | 371 | |
| Select / deselect | 316 | |
| Use ability | 67 | |
859 total
» units
| Wisp | 17 | |
| Archer | 6 | |
| Dryad | 9 | |
| Druid of the Talon | 9 | |
| Glaive Thrower | 4 | |
45 total
» upgrades
| Strength of the Wild | 3 | |
| Reinforced Hides | 2 | |
| Abolish Magic | 1 | |
| Druid of the Talon Training | 2 | |
| Mark of the Talon | 1 | |
9 total
» buildings
| Moon Well | 9 | |
| Altar of Elders | 1 | |
| Ancient of War | 1 | |
| Tree of Ages | 1 | |
| Hunter's Hall | 1 | |
| Ancient of Lore | 2 | |
| Ancient of Wonders | 1 | |
| Ancient of Wind | 1 | |
| Tree of Eternity | 1 | |
| Tree of Life | 1 | |
19 total
» build order
00:26 Moon Well
00:37 Altar of Elders
00:50 Ancient of War
01:18 Moon Well
02:42 Moon Well
04:48 Tree of Ages
04:50 Hunter's Hall
05:43 Moon Well
07:25 Ancient of Lore
07:25 Ancient of Lore
10:04 Ancient of Wonders
10:41 Ancient of Wind
11:48 Moon Well
11:48 Moon Well
11:49 Moon Well
13:28 Tree of Eternity
18:44 Tree of Life
23:49 Moon Well
23:50 Moon Well
» items
| Healing Salve | 1 | |
| Scroll of Town Portal | 4 | |
| Potion of Healing | 5 | |
| Orb of Lightning | 1 | |
11 total
Chat log
(00:22 / Allies) But_T_Sore: yooooooooo
(00:30 / Allies) bzman: grunts - shamen - tauren
(00:32 / Allies) malfury: yo I harass with warden
(00:47 / Allies) bzman: what units yall niggas getting?
(00:50 / Allies) But_T_Sore: i want tanks
(00:58 / Allies) bzman: yeh really good pink
(01:04 / Allies) But_T_Sore: jk
(01:23 / All) TRANCE-GLANCE: who is the better comedian, adam sandler or will ferrel?
(01:31 / All) bzman: ferrel
(01:37 / Allies) malfury: sandler
(01:41 / All) bzman: well if you mean movies
(01:44 / Allies) But_T_Sore: neither
(01:52 / All) Angel-Eyes: ferrel because sandler is fucking garbage
(02:07 / All) TRANCE-GLANCE: waterboy?
(02:15 / All) Angel-Eyes: all garbage
(02:18 / All) bzman: haha waterboy was pretty good
(02:24 / All) Fenton: bill fuckin murray
(02:27 / All) Angel-Eyes: only thing good was billy madison and happy gilmore
(04:43 / All) mashedpotato: faaaaaaaaaaaaaaaaaaaawk you!!
(05:51 / Allies) bzman: stay
(05:54 / Allies) bzman: i got him
(06:00 / Allies) bzman: unless either of u 2 want
(06:21 / Allies) Angel-Eyes: let's hit teal
(06:34 / Allies) Angel-Eyes: green
(08:01 / All) Angel-Eyes: Whoops
(08:14 / All) Angel-Eyes: didn't mean to backtrakc
(09:07 / Allies) Angel-Eyes: let hit teal again
(10:21 / Allies) malfury: ROAR
(12:17 / Allies) Angel-Eyes: why was pink still tier 1
(12:25 / Allies) Angel-Eyes: hit teal again
(12:25 / Allies) bzman: cause im controling 2
(12:46 / Allies) Angel-Eyes: teal
(13:00 / Allies) Angel-Eyes: you mh?
(13:40 / Allies) malfury: no I have night vision
(14:44 / Allies) Angel-Eyes: lumber
(15:17 / Allies) Angel-Eyes: hit teal
(16:04 / Allies) Angel-Eyes: hit teal blue
(16:15 / Allies) bzman: kk
(17:01 / Allies) malfury: i b
(19:48 / Allies) Angel-Eyes: lumbers
(23:34 / All) TRANCE-GLANCE: scrweed that up
(23:50 / All) Angel-Eyes: cap'n america mask
(24:47 / Allies) malfury: lumber plz
(24:51 / Allies) Angel-Eyes: blue can I get somme lumber
(25:22 / Allies) bzman: yellow?
(25:34 / Allies) bzman: go green
(25:39 / Allies) bzman: we got thid
(25:40 / All) mashedpotato: come on now you fawken cunts
(25:47 / All) mashedpotato: you want to live forever?!
(27:30 / Allies) bzman: whos controling pinjk?
(27:35 / Allies) malfury: not me
(27:53 / Allies) malfury: stop
(27:57 / Allies) malfury: not realy funny
(28:06 / Allies) bzman: yeelow
(28:29 / Allies) malfury: ok do it alone yellow
(28:40 / Allies) malfury: ohoo
(28:40 / Allies) malfury: gg
(29:18 / All) TRANCE-GLANCE: leave hacker green
(30:10 / Allies) bzman: yellow stop
(30:16 / Allies) bzman: i will report you
(30:17 / Allies) Angel-Eyes: that'll be the day
(30:19 / Allies) malfury: ok you are the stronger yellow
(30:26 / Allies) malfury: we have understood blablabla
(35:15 / Allies) bzman: yellow you gonna let us win or nah? im goin to gfs house
(36:10 / All) TRANCE-GLANCE: bam
(39:19 / Allies) Angel-Eyes: How badly do you want this win green
(39:43 / Allies) Angel-Eyes: Green?
(39:46 / Allies) Angel-Eyes: You want to win?
(39:54 / Allies) malfury: I don't run about victory
(40:02 / Allies) Angel-Eyes: You want to win or not
(40:02 / Allies) malfury: I never play to war 3
(40:27 / Allies) malfury: but it seems that there are still people very idiot
(40:30 / Allies) malfury: don't care
(40:34 / Allies) malfury: loose if you want
(40:46 / Allies) Angel-Eyes: If you cooperate I may let you win
(41:01 / Allies) malfury: I don't know how cooperate
(41:04 / Allies) malfury: I have no units
(41:08 / Allies) Angel-Eyes: If you admit that Lord Farsanky is your lord and master
(41:18 / Allies) Angel-Eyes: Say in all
(41:23 / Allies) Angel-Eyes: Lord Farsanky is my Lord and Master
(41:38 / Allies) malfury: who is he ?
(41:40 / Allies) Angel-Eyes: It's me
(41:48 / Allies) Angel-Eyes: Bend the knee and kiss the ring
(41:56 / Allies) Angel-Eyes: I will reward you handsomely, vassal
(42:03 / Allies) Angel-Eyes: Say in all
(42:10 / Allies) Angel-Eyes: Lord Farsanky is my lord, I do as he commands
(42:21 / Allies) Angel-Eyes: Say I am your liege lord
(42:29 / Allies) malfury: go loose idiot
(42:39 / Allies) malfury: I don"t care about that
(42:43 / Allies) Angel-Eyes: You shall regret crossing the great Lord Farsanky, peasant
(43:19 / All) Angel-Eyes: Green must lose in fact, he cross the great Lord Farsanky
(43:20 / All) TRANCE-GLANCE: gl
(43:42 / Allies) Angel-Eyes: Say I am your liege lord or you lose
(43:54 / Allies) malfury: you didn't hear ?
(43:59 / Allies) malfury: you have a problem
(43:59 / Allies) Angel-Eyes: Then leave
(44:17 / Allies) Angel-Eyes: You only drag blue down with you for your insolence
(44:58 / Allies) Angel-Eyes: Blue do you want to win?
(45:38 / Allies) malfury: tell me yellow
(46:06 / Allies) malfury: you are may be 10 ?
(46:09 / Allies) malfury: 11?
(46:12 / Allies) malfury: 8?
(46:13 / Allies) Angel-Eyes: YOur lord and master is 10?
(46:14 / Allies) malfury: years old
(46:21 / Allies) malfury: where is your mother ?
(46:27 / Allies) Angel-Eyes: I am your lord and master what does that say about you
(46:34 / Allies) Angel-Eyes: That a child is your lord and god?
(46:57 / Allies) malfury: I have one god and it is myself
(47:00 / Allies) malfury: poor children
(47:06 / Allies) Angel-Eyes: You are a weak god